AoeStats
← Cristian El Sólido

Arena

508308927Analyzed
4v4 RM · 10d ago on Sep 21, 2026· 47m 41s· 8 players
Game mode
Random Map
Map size
Large (8 player)
Population
200
Speed
Normal
Resources
Standard
Victory
Conquest
Starting age
Dark Age
Ending age
Imperial Age
RankedLock teamsTeams togetherTeam positionsShared explorationLock speedFull tech treeHidden civsTurbo modeCheats
Victory
Defeat
🇨🇭 Lithuanians · Switzerland
850
+16
🇪🇸 Goths · Spain
828
+16
🇫🇷 Bohemians · France
826
+17
🇦🇹 Spanish · Austria
825
+17
🇨🇴 Bohemians · Colombia
896
-20
🇨🇦 Huns · Canada
832
-16
🇩🇪 Ethiopians · Germany
813
-15
🇺🇾 Burgundians · Uruguay
811
-15
pigmeroid
5:10 Loom
12:35 Feudal Age
13:08 Horse Collar
13:16 Double-Bit Axe
17:33 Castle Age
18:45 Heavy Plow
21:44 Scale Barding Armor
22:30 Wheelbarrow
24:24 Chain Barding Armor
24:25 Husbandry
25:47 Bloodlines
25:57 Forging
26:07 Hand Cart
26:29 Town Watch
29:40 Light Cavalry
30:24 Town Patrol
36:05 Imperial Age
34:05 Ballistics
33:42 Fletching
36:16 Iron Casting
36:15 Bodkin Arrow
37:47 Conscription
38:17 Elite Leitis
39:03 Tower Shields
42:10 Plate Barding Armor
dz-oryx-
11:56 Feudal Age
12:24 Double-Bit Axe
13:25 Horse Collar
18:54 Castle Age
18:21 Stone Mining
19:35 Pikeman
20:38 Man-at-Arms
21:39 Bow Saw
25:05 Wheelbarrow
24:15 Elite Skirmisher
26:22 Gold Mining
28:50 Heavy Plow
28:57 Husbandry
29:07 Bloodlines
29:59 Stone Shaft Mining
34:10 Imperial Age
31:27 Town Watch
31:27 Loom
32:54 Caravan
32:58 Murder Holes
32:29 Light Cavalry
33:56 Hand Cart
33:42 Town Patrol
33:56 Fortified Wall
33:58 Masonry
34:28 Forging
34:24 Scale Barding Armor
34:10 Fletching
35:45 Iron Casting
41:58 Thumb Ring
41:19 Elite Conquistador
43:22 Ballistics
45:53 Blast Furnace
45:13 Chain Barding Armor
44:49 Bodkin Arrow
44:55 Padded Archer Armor
44:48 Sappers
46:27 Two-Man Saw
47:40 Chemistry
KouKou NieT
7:28 Loom
13:31 Feudal Age
14:30 Horse Collar
16:06 Double-Bit Axe
21:03 Castle Age
21:48 Heavy Plow
22:03 Bow Saw
33:51 Imperial Age
33:14 Treadmill Crane
34:35 Chemistry
33:31 Fletching
33:42 Padded Archer Armor
34:25 Wheelbarrow
33:36 Town Watch
35:18 Bodkin Arrow
35:39 Leather Archer Armor
35:35 Town Patrol
35:56 Houfnice
36:46 Wagenburg Tactics
37:02 Conscription
38:58 Pikeman
39:39 Squires
39:24 Arson
40:56 Two-Man Saw
42:10 Halberdier
Cristian El Sólido
10:26 Feudal Age
11:48 Loom
14:30 Castle Age
14:10 Double-Bit Axe
14:07 Horse Collar
22:40 Wheelbarrow
25:58 Hand Cart
25:32 Town Watch
27:31 Bow Saw
27:31 Heavy Plow
29:13 Town Patrol
29:19 Gold Mining
29:45 Caravan
35:19 Imperial Age
32:41 Fletching
33:07 Forging
32:59 Scale Mail Armor
33:22 Ballistics
33:15 Masonry
33:28 Ballistics
33:42 Stone Mining
34:19 Squires
35:10 Iron Casting
34:51 Chain Mail Armor
34:54 Murder Holes
37:08 Blast Furnace
35:37 Pikeman
36:14 Halberdier
38:02 Conscription
38:16 Fletching
39:00 Architecture
39:35 Anarchy
38:58 Elite Huskarl
40:34 Bodkin Arrow
41:42 Chemistry
41:51 Stone Shaft Mining
42:17 Two-Man Saw
41:48 Crop Rotation
41:55 Perfusion
45:04 Bracer
R.I.P
11:56 Feudal Age
16:47 Castle Age
15:30 Double-Bit Axe
15:29 Horse Collar
16:38 Gold Mining
17:59 Bow Saw
17:38 Loom
19:54 Wheelbarrow
19:23 Marauders
20:15 Forging
23:14 Scale Barding Armor
25:08 Iron Casting
26:32 Chain Barding Armor
27:04 Bloodlines
27:25 Husbandry
28:28 Fletching
30:34 Bodkin Arrow
32:39 Gold Shaft Mining
32:08 Heavy Plow
33:57 Ballistics
34:16 Hand Cart
RAKA
12:22 Feudal Age
16:21 Double-Bit Axe
20:41 Castle Age
22:44 Fervor
24:25 Horse Collar
26:42 Cavalier
28:28 Husbandry
29:22 Caravan
30:12 Wheelbarrow
32:12 Burgundian Vineyards
34:10 Squires
36:24 Scale Barding Armor
38:17 Crossbowman
42:58 Imperial Age
41:08 Padded Archer Armor
40:59 Fletching
41:10 Scale Mail Armor
41:21 Forging
41:53 Heavy Plow
45:47 Chemistry
47:17 Leather Archer Armor
Kassiber
12:12 Feudal Age
16:25 Castle Age
14:40 Double-Bit Axe
15:00 Horse Collar
17:39 Bow Saw
17:32 Heavy Plow
18:45 Wheelbarrow
24:02 Gold Mining
26:55 Hand Cart
27:50 Gold Shaft Mining
28:01 Stone Mining
31:43 Imperial Age
29:42 Ballistics
29:33 Fortified Wall
29:19 Murder Holes
29:35 Crossbowman
30:08 Fletching
30:55 Squires
31:24 Forging
32:25 Stone Shaft Mining
31:55 Scale Mail Armor
32:13 Thumb Ring
32:06 Bodkin Arrow
32:54 Iron Casting
33:29 Chemistry
32:03 Halberdier
32:15 Arbalester
34:23 Two-Man Saw
34:04 Chain Mail Armor
33:50 Bracer
34:39 Arson
36:22 Conscription
37:18 Blast Furnace
36:49 Plate Mail Armor
36:19 Padded Archer Armor
37:50 Scale Barding Armor
37:52 Elite Skirmisher
39:20 Leather Archer Armor
38:30 Light Cavalry
39:45 Chain Barding Armor
39:36 Torsion Engines
39:37 Elite Shotel Warrior
39:44 Hussar
41:07 Royal Heirs
41:29 Husbandry
DeadpanFox71524
Connection lost

Rejoining the realm…

Still unreachable

The connection could not be restored.

Session expired

The server has moved on; the page needs a fresh start.